 Dungeon Crawl Stone Soup version 0.27.1-1-g398f81649c (webtiles) character file.

Game seed: 8793342849916559652

329 ZARRMARR the Ducker (level 6, -3/43 HPs)
             Began as an Octopode Conjurer on Sept 13, 2021.
             Slain by a killer bee (8 damage)
             ... on level 3 of the Dungeon.
             The game lasted 00:10:11 (4553 turns).

ZARRMARR the Ducker (Octopode Conjurer)             Turns: 4553, Time: 00:10:12

Health: -3/43      AC:  1    Str:  6    XL:     6   Next: 51%
Magic:  18/18      EV: 14    Int: 22    God:
Gold:   143        SH:  5    Dex: 11    Spells: 8/9 levels left

rFire    . . .     SeeInvis .   g - +1 dagger (vamp)
rCold    . . .     Faith    .   (no shield)
rNeg     . . .     Spirit   .   (helmet restricted)
rPois    .         Reflect  +   k - amulet of reflection
rElec    .         Harm     .   a - ring of magical power
rCorr    .         Rampage  .   (no ring)
Will     .....                  (no ring)
Stlth    +++.......             (no ring)
HPRegen  0.14/turn              (no ring)
MPRegen  0.16/turn              (no ring)
                                (no ring)
                                (no ring)

@: lethally poisoned (-3 -> -20), about to teleport
A: almost no armour, amphibious, 8 rings, camouflage 1, gelatinous body 1,
(nimble swimmer 1), tentacles
a: no special abilities


You were on level 3 of the Dungeon.
You visited 1 branch of the dungeon, and saw 4 of its levels.

You collected 143 gold pieces.

Inventory:

Hand Weapons
 g - a +1 vampiric dagger (weapon)
Jewellery
 a - a ring of magical power (left tentacle)
 b - a ring of ice
 k - an amulet of reflection (around mantle)
Wands
 h - a wand of digging (6)
Scrolls
 c - a scroll of identify
 d - a scroll of enchant weapon
 j - a scroll of amnesia


   Skills:
 + Level 4.3 Fighting
 + Level 4.9 Dodging
 - Level 2.6 Stealth
 - Level 2.0 Spellcasting
 - Level 4.0 Conjurations


You had 8 spell levels left.
You knew the following spells:

 Your Spells              Type           Power      Damage    Failure   Level
a - Magic Dart            Conj           76%        1d6       2%          1

Your spell library contained the following spells:

 Spells                   Type           Power      Damage    Failure   Level
 Searing Ray              Conj           38%        3d4       4%          2
 Sting                    Tmut/Pois      8%         1d3       14%         1
 Dazzling Flash           Conj/Hex       22%        N/A       19%         3
 Poisonous Vapours        Pois/Air       4%         N/A       21%         2
 Fulminant Prism          Conj/Hex       5%         3d7       52%         4
 Iskenderun's Mystic Bla  Conj/Tloc      11%        2d4       52%         4
 Olgreb's Toxic Radiance  Pois           2%         N/A       80%         4


Dungeon Overview and Level Annotations

Branches:
Dungeon (4/15)
 Temple: D:4-7

Altars:
Fedhas

Shops:
D:2 (

Annotations:
D:3 exclusion: 3 downstairs
D:4 Edmund


Innate Abilities, Weirdness & Mutations

You cannot wear most types of armour.
You are amphibious.
You can wear up to eight rings at the same time.
Your skin changes colour to match your surroundings (Stealth+).
Your rubbery body absorbs attacks. (AC +1, EV +1)
((You are camouflaged near water. (Stealth+)))
You have tentacles for arms and can constrict up to eight enemies at once.


Message History

Enter next level anyway?
You climb downwards.
Level annotation: Edmund The adder hisses angrily.
The ball python hisses angrily.
The hound barks!
The killer bee buzzes angrily. x2
The killer bee closely misses you. The adder bites you.
The killer bee closely misses you. x2; You block the adder's attack.
The killer bee closely misses you.
There is a stone staircase leading up, spattered with blood here.
The killer bee stings you. The killer bee barely misses you.
You block the killer bee's attack. The killer bee stings you.
The adder closely misses you. You block the killer bee's attack.
The killer bee stings you!
You are poisoned.
The killer bee poisons you! The killer bee stings you!
You are lethally poisoned!
The killer bee poisons you!
You climb upwards.
Level annotation: exclusion: 3 downstairs
* * * LOW HITPOINT WARNING * * *
You feel very sick.
There is a stone staircase leading down, spattered with blood here.
It was a potion of curing.
You feel better. The killer bee misses you. You block the killer bee's attack.
The killer bee closely misses you. x2
You block the adder's attack. You block the killer bee's attack.
The killer bee closely misses you. The killer bee misses you.
The killer bee barely misses you. The adder misses you.
As you read the scroll of teleportation, it crumbles to dust.
You feel strangely unstable. You block the killer bee's attack.
The killer bee stings you!
* * * LOW HITPOINT WARNING * * *
You are poisoned.
The killer bee poisons you! The killer bee misses you.
The killer bee closely misses you. The killer bee misses you.
The killer bee stings you.
* * * LOW HITPOINT WARNING * * *
You are more poisoned.
The killer bee poisons you! The adder barely misses you.
The killer bee barely misses you. The killer bee stings you!
You die...

..............###..### #.#
.#.##.......#####.## #.#
##.##.........)....########.####
#.##........##................#
##.#..<.........#######........#
.†...##......###### ##^..>...#
.#..####..........# #.......#
##..# #.......Syy# #.......#
###.# #.......y@y# #.......# ###
############ #########


You could see 4 killer bees and an adder.

Vanquished Creatures
  A scorpion (D:3)
  2 killer bees (D:3)
  A centaur skeleton (D:4)
  Jessica (D:2)
  Robin (D:3)
  4 adders
  An adder skeleton (D:4)
  3 dart slugs
  2 worms (D:2)
  8 ball pythons
  8 endoplasms
  3 giant cockroaches
  9 goblins
  10 hobgoblins
  4 jackals (D:2)
  A quokka (D:3)
  5 bats
  3 frilled lizards
  3 kobolds
  3 rats
73 creatures vanquished.

Vanquished Creatures (others)
  A plant (D:1)
1 creature vanquished.

Grand Total: 74 creatures vanquished

Notes
Turn   | Place    | Note
-------+----------+-------------------------------------------
     0 | D:1      | ZARRMARR the Octopode Conjurer began the quest for the Orb.
     0 | D:1      | Reached XP level 1. HP: 11/11 MP: 3/3
    29 | D:1      | Found a faded altar of an unknown god.
   243 | D:1      | Reached skill level 1 in Fighting
   243 | D:1      | Reached XP level 2. HP: 18/18 MP: 5/5
  1065 | D:1      | Reached XP level 3. HP: 23/23 MP: 6/6
  1585 | D:2      | Found Zyelac Fuus's Weapon Shop.
  1636 | D:2      | Reached XP level 4. HP: 30/30 MP: 7/7
  2336 | D:2      | Noticed Jessica
  2339 | D:2      | Killed Jessica
  2541 | D:3      | Reached XP level 5. HP: 33/36 MP: 7/8
  2634 | D:3      | Noticed Robin
  2660 | D:3      | Killed Robin
  3395 | D:4      | Found a blossoming altar of Fedhas.
  3447 | D:4      | Noticed Edmund
  3732 | D:3      | Reached XP level 6. HP: 2/43 MP: 9/9
  3732 | D:3      | HP: 2/64 [poisoned by a killer bee]
  4075 | D:3      | HP: 3/64 [killer bee (4)]
  4080 | D:3      | HP: 2/64 [killer bee (3)]
  4086 | D:3      | HP: 1/64 [killer bee (3)]
  4553 | D:3      | Slain by a killer bee

Illustrated notes

Levels and vault maps discovered:
D:1:      psy_arrival_conway, layout_rooms,
          hellmonk_ecumenical_altar_arch_garden, dk_noncrumbling_2,
          chequers_big_river, chequers_serial_rivers_large_b,
          hangedman_decor_diamond_cutter, minivault_5
D:2:      layout_basic, serial_shops, nicolae_shop_trees, uniq_jessica
D:3:      layout_rooms, uniq_robin
D:4:      cheibrodos_barr_body, layout_cave_pools,
          mainiacjoe_overflow_surrounded_room, hangedman_decor_slide_cut,
          uniq_edmund

Skill      XL: |  1  2  3  4  5  6 |
---------------+-------------------+-----
Fighting       | 1 2 3 4 |  4.3
Dodging        | 3 4 |  4.9
Stealth        | |  2.6
Spellcasting   | |  2.0
Conjurations   | |  4.0

Action                   |  1- 3 |  4- 6 || total
-------------------------+-------+-------++-------
Melee: Unarmed           |    16 |       ||    16
       Constrict         |     3 |    17 ||    20
       Tentacles         |     3 |    13 ||    16
       Dagger            |       |   107 ||   107
 Cast: Magic Dart        |    76 |    72 ||   148
  Use: Scroll            |       |     5 ||     5
       Potion            |       |     3 ||     3
Armor: Skin              |     1 |    30 ||    31
Dodge: Dodged            |     9 |    88 ||    97
Block: Other             |       |    20 ||    20
